 Dungeon Crawl Stone Soup version 0.25-a0-544-gee0576305d (webtiles) character file.

Game seed: 11377161599796686838, levelgen mode: deterministic

14 vurker the Gusty (level 2, 12/12 HPs)
             Began as a Felid Air Elementalist on Feb 20, 2020.
             Quit the game on level 1 of the Dungeon.
             The game lasted 00:00:50 (882 turns).

vurker the Gusty (Felid Air Elementalist)            Turns: 882, Time: 00:00:50

Health: 12/12      AC:  1    Str:  4    XL:     2   Next: 27%
Magic:  6/6        EV: 18    Int: 16    God:
Gold:   5          SH:  0    Dex: 16    Spells: 4/5 levels left
                                        Lives:  0   Deaths: 0

rFire    . . .     SeeInvis +   (weapon unavailable)
rCold    . . .     Gourm    .   (shield unavailable)
rNeg     . . .     Faith    .   (armour unavailable)
rPois    .         Spirit   .   (helmet unavailable)
rElec    .         Reflect  .   (cloak unavailable)
rCorr    .         Harm     .   (gloves unavailable)
MR       .....                  (boots unavailable)
Stlth    ++........             (no amulet)
HPRegen  0.04/turn              b - ring of attention (curse)
MPRegen  0.10/turn              (no ring)

@: quick
A: very small, no armour, no weapons or thrown items, stealth, claws 1, fangs 3,
see invisible, carnivore, speed 1, shaggy fur 1, slow metabolism 1, sharp paws
a: no special abilities


You were on level 1 of the Dungeon.
You were not hungry.

You visited 1 branch of the dungeon, and saw 1 of its levels.

You collected 5 gold pieces.

Inventory:

Jewellery
 b - a cursed ring of attention (left paw)
   (You found it on level 1 of the Dungeon)
Scrolls
 a - a scroll of teleportation {unknown}
 d - a scroll of magic mapping {unknown}
Potions
 c - a potion of berserk rage {unknown}
Comestibles
 e - a ration


   Skills:
 + Level 0.7 Fighting
 - Level 2.6 Dodging
 - Level 2.6 Stealth
 * Level 2.2 Spellcasting
 + Level 1.1 Conjurations
 * Level 2.9 Air Magic


You had 4 spell levels left.
You knew the following spells:

 Your Spells              Type           Power        Failure   Level  Hunger
a - Shock                 Conj/Air       #...         9%          1    #......

Your spell library contained the following spells:

 Spells                   Type           Power        Failure   Level  Hunger
 Swiftness                Chrm/Air       #.......     17%         2    ###....
 Static Discharge         Conj/Air       #.......     26%         3    ###....
 Airstrike                Air            ##........   52%         4    #####..
 Lightning Bolt           Conj/Air       #.........   94%         5    ######.


Dungeon Overview and Level Annotations

Branches:
Dungeon (1/15)

Altars:


Innate Abilities, Weirdness & Mutations

You cannot wear armour.
You are incapable of wielding weapons or throwing items.
Your paws allow you to move quietly. (Stealth)
You have sharp claws.
You have razor-sharp teeth.
You have supernaturally acute eyesight. (SInv)
You are carnivorous and can eat meat at any time.
You cover ground quickly.
You are covered in fur. (AC +1)
You have a slow metabolism.
Your sharp claws are effective at attacking unaware monsters.


Message History

A goblin is nearby!
A goblin is nearby!
Aim: a goblin, wielding a +0 club (resting)
The zap hits the goblin.
You kill the goblin!
You can't see any susceptible monsters within range! (Use Z to cast anyway.)
You can't see any susceptible monsters within range! (Use Z to cast anyway.)
You can't see any susceptible monsters within range! (Use Z to cast anyway.)
You see here a +0 club.
A kobold comes into view. It is wielding a +0 dagger.
A kobold is nearby!
A kobold is nearby!
Aim: a kobold, wielding a +0 dagger and quivering 3 stones (hasn't noticed you)
The zap misses the kobold.
The kobold shouts!
The kobold throws a stone.
The stone closely misses you.
A kobold is nearby!
Aim: a kobold, wielding a +0 dagger and quivering 2 stones The zap misses the kobold.
A kobold is nearby!
Aim: a kobold, wielding a +0 dagger and quivering 2 stones The zap hits the kobold. x2
You kill the kobold!
Key pressed, stopping explore.
You can't see any susceptible monsters within range! (Use Z to cast anyway.)
You can't see any susceptible monsters within range! (Use Z to cast anyway.)
You can't see any susceptible monsters within range! (Use Z to cast anyway.)
Things that are here:
a +0 dagger; 2 stones You can't see any susceptible monsters within range! (Use Z to cast anyway.)
Found a scroll labeled EMOBETW OSUPNI.
You can't see any susceptible monsters within range! (Use Z to cast anyway.)
d - a scroll labeled EMOBETW OSUPNI You see here a glowing dagger.
Things that are here:
a +0 dagger; 2 stones You see here a chain mail.
You see here a +0 club.
You see here a +0 club.
Found 13 arrows.
You can't see any susceptible monsters within range! (Use Z to cast anyway.) Partly explored, can't reach some items.
You can't see any susceptible monsters within range! (Use Z to cast anyway.) Partly explored, can't reach some items.
You can't see any susceptible monsters within range! (Use Z to cast anyway.) Partly explored, can't reach some items.
You can't see any susceptible monsters within range! (Use Z to cast anyway.) Partly explored, can't reach some items.
Partly explored, can't reach some items.
Okay, then.

###########
#.......#..
########.####.....
#........####..#.#
#.##.............#
#.##.##..####..###
#(##.....####..###
#@#####...........
#........#......##
########.#......#.
#.#.....)#.
#.#........
#.#......#.
#####.#......#.
#.....#########
#.##### #


There were no monsters in sight!

Vanquished Creatures
  A giant cockroach (D:1)
  4 goblins (D:1)
  4 hobgoblins (D:1)
  2 kobolds (D:1)
11 creatures vanquished.

Notes
Turn   | Place    | Note
-------+----------+-------------------------------------------
     0 | D:1      | vurker the Felid Air Elementalist began the quest for the
                  | Orb.
     0 | D:1      | Reached XP level 1. HP: 7/7 MP: 4/4
   140 | D:1      | Reached skill level 1 in Conjurations
   353 | D:1      | Reached XP level 2. HP: 12/12 MP: 3/6
   882 | D:1      | Quit the game

Levels and vault maps discovered:
D:1:      lemuel_arrival_lava_pool, layout_loops_cross

Skill      XL: |  1 |
---------------+----+-----
Conjurations   | 1 |  1.1
Fighting       | |  0.7
Dodging        | |  2.6
Stealth        | |  2.6
Spellcasting   | |  2.2
Air Magic      | |  2.9

Action                   || total
-------------------------++-------
Melee: Unarmed           ||    11
       Bite              ||     1
 Cast: Shock             ||    25
  Use: Scroll            ||     2
  Eat: Chunk             ||     1
Armor: Skin              ||     1
Dodge: Dodged            ||     8

Table legend:
 A = Non-vault XP
 B = Vault XP
 C = Vault XP percentage of total XP
 D = Non-vault monster count
 E = Vault monster count
 F = Vault count percentage of total count
                 A         B        C        D         E       F
            +---------+---------+-------+---------+---------+-------
      Total |      20 |       0 |   0.0 |      11 |       0 |   0.0
            +---------+---------+-------+---------+---------+-------
        D:1 |      20 |       0 |   0.0 |      11 |       0 |   0.0
            +---------+---------+-------+---------+---------+-------
